 Dungeon Crawl Stone Soup version 0.27.1-1-g398f81649c (webtiles) character file.

Game seed: 8778798142025731891

135698 goblinbird the Blocker (level 17, 0/140 HPs)
             Began as a Human Fighter on Sept 7, 2021.
             Was the Champion of Okawaru.
             Slain by Rupert (29 damage)
             ... on level 15 of the Dungeon.
             The game lasted 01:43:03 (33452 turns).

goblinbird the Blocker (Human Fighter)             Turns: 33452, Time: 01:43:04

Health: 0/140      AC: 42    Str: 22    XL:     17   Next: 78%
Magic:  16/17      EV: 13    Int:  9    God:    Okawaru [******]
Gold:   653        SH: 24    Dex: 14    Spells: 16/16 levels left

rFire    + + .     SeeInvis .   X - +10 zealot's sword {holy, *Rage rN+ EV+3}
rCold    + . .     Faith    .   n - +3 kite shield {AC+3}
rNeg     + . .     Spirit   .   E - +2 crystal plate armour
rPois    .         Reflect  +   S - +2 helmet of the Enchanted Forest {rF+ Regen+}
rElec    .         Harm     .   r - +2 cloak {rCorr}
rCorr    +         Rampage  .   G - +0 pair of gloves
Will     +....     Rnd*Rage +   b - +0 pair of boots
Stlth    ..........             t - amulet of reflection
HPRegen  1.33/turn              p - +4 ring of slaying
MPRegen  0.15/turn              J - ring of Vosasur {rF+ rC+ rCorr}

@: lethally poisoned (0 -> -17), heroic
A: no striking features
a: Renounce Religion, Heroism, Finesse


You were on level 15 of the Dungeon.
You worshipped Okawaru.
Okawaru was exalted by your worship.
You visited 4 branches of the dungeon, and saw 24 of its levels.
You visited the Abyss 1 time.
You also visited: Gauntlet and Volcano.

You collected 2833 gold pieces.
You spent 2180 gold pieces at shops.

Inventory:

Hand Weapons
 g - a +4 falchion of holy wrath
 h - a +4 scimitar of flaming
 X - the +10 zealot's sword (weapon) {holy, *Rage rN+ EV+3}
   (You took it off a minotaur in a Gauntlet)

   It has been blessed by the Shining One to cause great damage to the undead
   and demons.
   Whenever the wielder enters a berserk rage, their allies are berserked
   alongside them.
   EV:        It affects your evasion (+3).
   rN:        It protects you from negative energy.
   *Rage:     It may make you go berserk in combat.
Missiles
 z - 2 datura-tipped darts
 I - 6 silver boomerangs
 K - 12 poisoned darts (quivered)
 Y - 21 javelins
Armour
 b - a +0 pair of boots (worn)
 n - a +3 kite shield of protection (worn)
 r - a +2 cloak of preservation (worn)
 E - a +2 crystal plate armour (worn)
 G - a +0 pair of gloves (worn)
 O - the +2 helmet of the Hidden Vale {rN+}
   (Okawaru gifted it to you on level 12 of the Dungeon)

   rN:        It protects you from negative energy.
 S - the +2 helmet of the Enchanted Forest (worn) {rF+ Regen+}
   (Okawaru gifted it to you on level 14 of the Dungeon)

   rF:        It protects you from fire.
   Regen:     It increases your rate of health regeneration.
Jewellery
 f - a ring of protection from fire
 p - a +4 ring of slaying (left hand)
 t - an amulet of reflection (around neck)
 x - a ring of flight
 J - the ring of Vosasur (right hand) {rF+ rC+ rCorr}
   (You bought it in a shop on level 2 of the Orcish Mines)

   [ring of resist corrosion]

   rF:        It protects you from fire.
   rC:        It protects you from cold.
   rCorr:     It protects you from acid and corrosion.
 N - an amulet of the acrobat
 Q - an amulet of magic regeneration
 W - a ring of protection from fire
Wands
 l - a wand of flame (47)
 u - a wand of acid (22)
 y - a wand of iceblast (39)
 A - a wand of paralysis (28)
 P - a wand of polymorph (6)
 Z - a wand of charming (6)
Scrolls
 a - a scroll of enchant armour
 c - 6 scrolls of fear
 i - 3 scrolls of immolation
 k - 2 scrolls of teleportation
 o - 7 scrolls of amnesia
 s - a scroll of enchant weapon
 C - a scroll of fog
 F - 4 scrolls of blinking
 L - 3 scrolls of magic mapping
 R - 10 scrolls of identify
 T - 3 scrolls of holy word
Potions
 d - 9 potions of might
 e - 6 potions of haste
 j - 13 potions of curing
 m - 3 potions of flight
 q - 4 potions of heal wounds
 v - 3 potions of berserk rage
 w - 2 potions of attraction
 D - 5 potions of invisibility
 M - 2 potions of cancellation
 U - a potion of lignification {unknown}
 V - a potion of magic
Miscellaneous
 B - a box of beasts
 H - a phantom mirror


   Skills:
 + Level 14.5(19.5) Fighting
 - Level 14.0(19.0) Long Blades
 - Level 6.0(11.0) Throwing
 + Level 14.4(19.4) Armour
 + Level 9.0(14.0) Dodging
 + Level 14.6(19.6) Shields


You had 16 spell levels left.
You didn't know any spells.
Your spell library contained the following spells:

 Spells                   Type           Power      Damage    Failure   Level
 Animate Skeleton         Necr           0%         N/A       100%        1
 Pain                     Necr           0%         1d4       100%        1
 Sandblast                Erth           0%         2d4       100%        1
 Shock                    Conj/Air       0%         1d3       100%        1
 Sting                    Tmut/Pois      0%         1d3       100%        1
 Summon Small Mammal      Summ           0%         N/A       100%        1
 Poisonous Vapours        Pois/Air       0%         N/A       100%        2
 Call Canine Familiar     Summ           0%         N/A       100%        3
 Conjure Flame            Conj/Fire      0%         6-21      100%        3
 Gell's Gravitas          Tloc           0%         N/A       100%        3
 Ignite Poison            Fire/Tmut/Pois 0%         N/A       100%        3
 Lesser Beckoning         Tloc           0%         N/A       100%        3
 Portal Projectile        Hex/Tloc       0%         N/A       100%        3
 Stone Arrow              Conj/Erth      0%         3d7       100%        3
 Summon Guardian Golem    Hex/Summ       0%         N/A       100%        3
 Swiftness                Air            0%         N/A       100%        3
 Teleport Other           Tloc           0%         N/A       100%        3
 Vampiric Draining        Necr           0%         2d6       100%        3
 Airstrike                Air            0%         N/A       100%        4
 Olgreb's Toxic Radiance  Pois           0%         N/A       100%        4
 Petrify                  Tmut/Erth      0%         N/A       100%        4
 Sticky Flame             Conj/Fire      0%         2d3       100%        4
 Blade Hands              Tmut           0%         N/A       100%        5
 Borgnjor's Vile Clutch   Necr/Erth      0%         N/A       100%        5
 Excruciating Wounds      Necr           0%         N/A       100%        5
 Freezing Cloud           Conj/Ice/Air   0%         6-21      100%        5
 Iskenderun's Battlesphe  Conj           0%         2d6       100%        5
 Metabolic Englaciation   Hex/Ice        0%         N/A       100%        5
 Conjure Ball Lightning   Conj/Air       0%         3x3d6     100%        6
 Statue Form              Tmut/Erth      0%         N/A       100%        6
 Malign Gateway           Summ/Tloc      0%         N/A       100%        7
 Discord                  Hex            0%         N/A       100%        8
 Disjunction              Tloc           0%         N/A       100%        8
 Summon Horrible Things   Summ           0%         N/A       100%        8
 Chain Lightning          Conj/Air       0%         N/A       100%        9


Dungeon Overview and Level Annotations

Branches:
Dungeon (15/15)            Temple (1/1) D:4            Lair (6/6) D:10
  Swamp (0/4) Lair:3       Spider (0/4) Lair:3        Slime (0/5) Lair:5
    Orc (2/2) D:11            Elf (0/3) Orc:2        Vaults (0/5) D:14
Volcano (visited)         Gauntlet (visited)
 Depths: D:15

Altars:
Ashenzari
Cheibriados
Dithmenos
Elyvilon
Fedhas
Hepliaklqana
Kikubaaqudgha
Nemelex Xobeh
Okawaru
Ru
Sif Muna
Trog
Vehumet
Wu Jian
Xom
Yredelemnul
Zin
The Shining One
Jiyva

Shops:
D:12 *!:   D:13 !!(   Orc:1 :   Orc:2 =*[(

Portals:
Trove: D:15 (give 14 scrolls of teleportation)

Annotations:
D:15 Kirke; Rupert
Lair:1 2 transporters, Beischinu's ghost, journeyman MiFi
Lair:5 1 runed translucent door


Message History

You slice Rupert!!
Rupert is heavily wounded.
You feel very sick. You block Rupert's attack.
You slice Rupert!!
Rupert is heavily wounded.
You feel very sick.
Rupert hits you with a +0 battleaxe of venom!
* * * LOW HITPOINT WARNING * * *
You are lethally poisoned!
You feel much better.
You feel extremely sick.
Rupert hits you with a +0 battleaxe of venom!!
* * * LOW HITPOINT WARNING * * *
You are more poisoned.
You block Rupert's attack.
You feel much better.
* * * LOW HITPOINT WARNING * * *
You feel extremely sick. You block Rupert's attack.
You feel much better.
* * * LOW HITPOINT WARNING * * *
You feel extremely sick. Rupert hits you but does no damage.
You are lethally poisoned!
You block Rupert's attack.
Unknown command.
You hit Rupert but do no damage.
Rupert is heavily wounded.
* * * LOW HITPOINT WARNING * * *
You feel extremely sick.
You closely miss Rupert.
Rupert is heavily wounded.
* * * LOW HITPOINT WARNING * * *
You feel very sick. You block Rupert's attack.
You feel much better.
You feel extremely sick.
Rupert hits you with a +0 battleaxe of venom!!
You die...

#.# #.# ##### . #.# #...# .. #.#
##...#... #.# #...... ..#####.
.######...(## ..........
....h..h....##
#######......######h###.}########
................@@{h.............
###################.####..####...
# ####### #.# ##.# #... # #.....#
#.# #.# #... ####.....#### #.#
#.# #... .........'..# #.# #.#
#... ####.....##.# #.# #.. ##'#
####.....##.# #.### ##. #.#
..#########.# #...# #.####..


You could see Rupert (berserk) and 2 hogs.

Vanquished Creatures
  A bone dragon (Abyss:2)
  A tentacled starspawn (Abyss:2)
  Roxanne (D:14)
  An orc warlord (Orc:2)
  A dire elephant (Lair:6)
  A minotaur (Gauntlet)
  Josephine (D:15)
  A fire dragon (Lair:6)
  A yaktaur captain (D:15)
  6 boulder beetles
  11 hydras
  6 centaur warriors
  2 catoblepae
  3 rakshasas (Abyss:2)
  Erica (D:8)
  2 two-headed ogres
  A death knight (D:13)
  A dancing weapon (Volcano)
  4 orc high priests (Orc:2)
  20 death yaks
  Urug (Orc:1)
  A shadow wraith (D:14)
  3 skeletal warriors (D:15)
  5 large abominations (Abyss:2)
  3 sixfirhies (Gauntlet)
  A deep troll (D:14)
  A swamp dragon (Lair:6)
  5 wizards (Volcano)
  3 phantasmal warriors
  Pikel (D:4)
  7 orc knights
  4 wolf spiders (Lair:3)
  A deep elf pyromancer (D:14)
  11 ugly things
  4 oklob plants (Lair:5)
  7 orc sorcerers
  5 manticores
  3 cyclopes (D:13)
  20 elephants
  5 toenail golems (Volcano)
  An apocalypse crab (Abyss:2)
  2 centaur zombies (D:11)
  A guardian serpent (shapeshifter) (Abyss:2)
  5 black mambas
  A torpor snail (shapeshifter) (Gauntlet)
  A black mamba (shapeshifter) (D:14)
  A smoke demon (Abyss:2)
  A torpor snail (Lair:6)
  19 cane toads
  5 rime drakes
  A freezing wraith (D:15)
  2 ancient zymes (Abyss:2)
  A kobold demonologist (D:11)
  7 komodo dragons
  3 trolls
  A polar bear (shapeshifter) (D:14)
  4 polar bears
  A wolf spider simulacrum (D:14)
  A jumping spider (Lair:3)
  Prince Ribbit (D:6)
  10 slime creatures
  Grinder (D:6)
  2 raiju (Abyss:2)
  17 dream sheep
  31 blink frogs
  Sigmund (D:6)
  A ynoxinul (Abyss:2)
  4 starcursed masses (Abyss:2)
  7 wyverns
  A flying skull (Abyss:2)
  2 shadows
  7 wraiths
  51 yaks
  6 small abominations (Abyss:2)
  5 basilisks
  A chaos spawn (Abyss:2)
  A neqoxec (Abyss:2)
  2 steam dragons
  Edmund (D:4)
  Duvessa (D:3)
  2 acid dragons
  17 water moccasins
  36 orc warriors
  4 swamp drakes (Lair:6)
  A black bear (Lair:2)
  3 ice beasts
  A sky beast (D:6)
  5 ogres
  2 necrophages
  14 centaurs
  20 wolves
  A phantom (D:4)
  Blork the orc (D:5)
  A kobold brigand (D:8)
  11 bullfrogs
  Dowan (D:3)
  A scorpion (D:7)
  6 killer bees (D:9)
  A water moccasin skeleton (D:6)
  2 electric eels (Lair:2)
  4 jellies
  3 hounds
  A bullfrog zombie (D:6)
  2 gnoll shamans
  17 orc priests
  An iron imp (D:5)
  Crazy Yiuf (D:4)
  9 iguanas
  Natasha (thrice) (D:3)
  29 orc wizards
  Ijyb (D:4)
  A hell rat (Lair:2)
  A killer bee zombie (D:7)
  A hound zombie (D:5)
  A howler monkey skeleton (D:6)
  9 gnolls
  5 adders
  A white imp (Abyss:2)
  5 ufetubi
  A worm (D:3)
  2 dart slugs
  101 orcs
  5 ball pythons
  5 endoplasms
  4 giant cockroaches
  6 goblins
  8 hobgoblins
  4 jackals (D:2)
  15 kobolds
  6 quokkas
  7 bats
  A frilled lizard (D:1)
  A quokka skeleton (D:4)
  7 rats
  2 toadstools (D:1)
768 creatures vanquished.

Vanquished Creatures (collateral kills)
  3 orcs (Orc:2)
3 creatures vanquished.

Vanquished Creatures (others)
  A dream sheep (Lair:6)
  17 demonic plants (Gauntlet)
  39 fungi
  73 plants
  7 starspawn tentacles (Abyss:2)
  2 toadstools (D:1)
  7 withered plants (D:8)
146 creatures vanquished.

Grand Total: 917 creatures vanquished

Notes
Turn   | Place    | Note
-------+----------+-------------------------------------------
     0 | D:1      | goblinbird the Human Fighter began the quest for the Orb.
     0 | D:1      | Reached XP level 1. HP: 18/18 MP: 1/1
   205 | D:1      | Reached XP level 2. HP: 24/24 MP: 2/2
   602 | D:1      | Reached XP level 3. HP: 29/29 MP: 3/3
  1024 | D:1      | Found a faded altar of an unknown god.
  1468 | D:2      | Reached XP level 4. HP: 29/35 MP: 4/4
  2298 | D:3      | Found a glowing golden altar of the Shining One.
  2595 | D:3      | Found a shadowy altar of Dithmenos.
  2595 | D:3      | Found a glowing golden altar of the Shining One.
  2595 | D:3      | Found a sparkling altar of Nemelex Xobeh.
  2788 | D:3      | Reached XP level 5. HP: 28/41 MP: 5/5
  2982 | D:4      | Noticed Natasha
  2997 | D:3      | Killed Natasha
  3007 | D:3      | Noticed Natasha
  3019 | D:3      | Killed Natasha
  3194 | D:3      | Noticed Natasha
  3203 | D:3      | Killed Natasha
  3290 | D:4      | Reached XP level 6. HP: 38/48 MP: 6/6
  3391 | D:4      | Noticed Edmund
  3407 | D:4      | Killed Edmund
  3611 | D:4      | Found a staircase to the Ecumenical Temple.
  3621 | Temple   | Entered the Ecumenical Temple
  3634 | Temple   | Became a worshipper of Warmaster Okawaru
  3768 | D:4      | Noticed Pikel
  3940 | D:4      | Noticed Duvessa
  3940 | D:4      | Noticed Dowan
  3969 | D:3      | Killed Duvessa
  3970 | D:3      | Reached skill level 5 in Shields
  3970 | D:3      | Reached XP level 7. HP: 10/54 MP: 7/7
  3974 | D:3      | Killed Dowan
  4261 | D:4      | Killed Pikel
  4261 | D:4      | Reached * piety under Okawaru
  4261 | D:4      | Reached ** piety under Okawaru
  4262 | D:4      | Reached skill level 5 in Fighting
  4262 | D:4      | Reached skill level 5 in Long Blades
  4262 | D:4      | Reached XP level 8. HP: 44/62 MP: 8/8
  4469 | D:4      | Noticed Ijyb
  4486 | D:4      | Paralysed by Ijyb for 6 turns
  4493 | D:4      | Paralysed by Ijyb for 5 turns
  4501 | D:4      | Killed Ijyb
  4631 | D:4      | Found a runed translucent door.
  4632 | D:4      | Noticed Crazy Yiuf
  4641 | D:4      | Killed Crazy Yiuf
  4702 | D:5      | Entered Level 5 of the Dungeon
  4732 | D:5      | Reached skill level 5 in Armour
  4941 | D:5      | Found a snail-covered altar of Cheibriados.
  5335 | D:5      | Reached XP level 9. HP: 67/68 MP: 9/9
  5542 | D:5      | Reached *** piety under Okawaru
  5775 | D:5      | Noticed Blork the orc
  5784 | D:5      | Killed Blork the orc
  6113 | D:6      | Noticed Prince Ribbit
  6156 | D:6      | Killed Prince Ribbit
  6645 | D:6      | Noticed Grinder
  6657 | D:6      | Killed Grinder
  6657 | D:6      | Reached **** piety under Okawaru
  6835 | D:6      | Noticed Sigmund
  6871 | D:6      | Killed Sigmund
  6872 | D:6      | Reached XP level 10. HP: 53/77 MP: 10/10
  7784 | D:7      | Found a blossoming altar of Fedhas.
  7784 | D:7      | Found a sacrificial altar of Ru.
  8492 | D:8      | Noticed Erica
  8532 | D:8      | Killed Erica
  8996 | D:8      | Reached ***** piety under Okawaru
  9057 | D:8      | Reached XP level 11. HP: 66/84 MP: 11/11
  9067 | D:8      | Reached skill level 10 in Long Blades
  9132 | D:8      | Found an ancient bone altar of Kikubaaqudgha.
  9538 | D:8      | Received a gift from Okawaru
  9954 | D:9      | Found Zin's Purification Station.
  9962 | D:9      | Found a glowing silver altar of Zin.
  9965 | D:9      | Bought a potion of curing for 90 gold pieces
  9966 | D:9      | Noticed a two-headed ogre
  9982 | D:9      | Killed a two-headed ogre
 10858 | D:9      | Noticed a phantasmal warrior
 10885 | D:9      | Noticed a death knight
 10901 | D:9      | Killed a phantasmal warrior
 11302 | D:10     | Entered Level 10 of the Dungeon
 11401 | D:10     | Found a staircase to the Lair.
 11821 | D:10     | Identified the +12 shortbow "Tanaehih" {vorpal, rElec rC+
                  | Dex+2}
 12621 | D:11     | Reached XP level 12. HP: 94/94 MP: 12/12
 13112 | D:11     | Found a staircase to the Orcish Mines.
 13570 | D:12     | Found Wunan's Book Shop.
 13596 | D:12     | Found Wumavaet's Distillery.
 13652 | D:12     | Identified the +2 helmet of the Hidden Vale {rN+} (Okawaru
                  | gifted it to you on level 12 of the Dungeon)
 13652 | D:12     | Received a gift from Okawaru
 13813 | D:12     | Noticed a boulder beetle
 13843 | D:11     | Killed a boulder beetle
 14308 | D:11     | Noticed a soul eater
 14785 | D:12     | Noticed a six-headed hydra
 14795 | D:12     | Killed a three-headed hydra
 14814 | D:12     | Noticed a two-headed ogre
 14823 | D:12     | Killed a two-headed ogre
 14933 | D:12     | Bought a potion of heal wounds for 60 gold pieces
 14933 | D:12     | Bought a potion of heal wounds for 60 gold pieces
 15227 | D:12     | Found Forueq's General Store.
 15230 | D:12     | Bought a scroll of blinking for 105 gold pieces
 15289 | D:13     | Noticed a boulder beetle
 15289 | D:13     | Found Naoledwe's Distillery.
 15289 | D:13     | Found Sutubroe's Distillery.
 15311 | D:12     | Killed a boulder beetle
 15312 | D:12     | Reached skill level 10 in Shields
 15418 | Lair:1   | Entered Level 1 of the Lair of Beasts
 15471 | Lair:1   | Reached XP level 13. HP: 82/102 MP: 13/13
 15586 | Lair:1   | Noticed Beischinu's ghost (journeyman MiFi)
 15589 | Lair:1   | Found a bloodstained altar of Trog.
 15742 | Lair:1   | Reached ****** piety under Okawaru
 15749 | Lair:1   | Reached skill level 10 in Fighting
 15767 | Lair:1   | Found a gate leading to a gauntlet.
 15776 | Gauntlet | Entered a Gauntlet
 15776 | Gauntlet | Found a transporter.
 15776 | Gauntlet | Found a transporter.
 15890 | Gauntlet | Found a transporter.
 15890 | Gauntlet | Found a transporter.
 15890 | Gauntlet | Found a transporter.
 15904 | Gauntlet | Found a transporter.
 15906 | Gauntlet | Found a transporter.
 15916 | Gauntlet | Found a transporter.
 16006 | Gauntlet | Found a transporter.
 16018 | Gauntlet | Found a transporter.
 16018 | Gauntlet | Found a transporter.
 16028 | Gauntlet | Found a transporter.
 16277 | Gauntlet | Reached skill level 10 in Armour
 16563 | Gauntlet | Identified the ring "Qaqor" {Fire Str+2}
 16617 | Gauntlet | Noticed a minotaur
 16639 | Gauntlet | Killed a minotaur
 16639 | Gauntlet | Received a gift from Okawaru
 16874 | Gauntlet | Identified the +5 trident of Iconoclasm {speed, rElec
                  | rPois}
 16979 | Lair:1   | Found a transporter.
 16984 | Lair:1   | Found a transporter.
 17865 | Lair:2   | Noticed a boulder beetle
 17875 | Lair:2   | Killed a boulder beetle
 18242 | Lair:2   | Noticed a five-headed hydra
 18270 | Lair:2   | Killed a one-headed hydra
 18750 | Lair:2   | Noticed a six-headed hydra
 18764 | Lair:2   | Killed a five-headed hydra
 18764 | Lair:2   | Received a gift from Okawaru
 18766 | Lair:2   | Reached XP level 14. HP: 89/111 MP: 14/14
 19400 | Lair:3   | Found a staircase to the Swamp.
 19592 | Lair:3   | Reached skill level 1 in Throwing
 19870 | Lair:3   | Found a hole to the Spider Nest.
 21641 | Lair:5   | Received a gift from Okawaru
 21688 | Lair:5   | Found a dark tunnel.
 21697 | Volcano  | Entered a volcano
 21929 | Volcano  | Cast into level 2 of the Abyss (a wizard)
 21931 | Abyss:2  | Found a corrupted altar of Lugonu.
 21945 | Abyss:2  | Noticed a starcursed mass
 22071 | Abyss:2  | Noticed a tentacled starspawn
 22105 | Abyss:2  | Killed a tentacled starspawn
 22106 | Abyss:2  | Reached XP level 15. HP: 120/120 MP: 15/15
 22153 | Abyss:2  | Reached skill level 5 in Throwing
 22202 | Abyss:2  | Reached skill level 1 in Dodging
 22357 | Abyss:2  | Noticed a bone dragon
 22373 | Abyss:2  | Killed a bone dragon
 22373 | Abyss:2  | Identified the +9 double sword "Beast's Death Toll" {flame,
                  | Dex+3} (Okawaru gifted it to you on level 2 of the Abyss)
 22373 | Abyss:2  | Received a gift from Okawaru
 22400 | Volcano  | Escaped the Abyss
 23131 | Lair:5   | Found a runed translucent door.
 23132 | Lair:5   | Found a viscous altar of Jiyva.
 23135 | Lair:5   | Found a staircase to the Slime Pits.
 23135 | Lair:5   | Noticed an acid blob
 23446 | Lair:5   | Received a gift from Okawaru
 24214 | Lair:6   | Entered Level 6 of the Lair of Beasts
 24430 | Lair:6   | Received a gift from Okawaru
 24492 | Lair:6   | Identified the ring of Generosity {Fly rCorr Int+3 Dex-4}
 24616 | Lair:6   | Reached skill level 5 in Dodging
 24671 | Lair:6   | Reached XP level 16. HP: 129/129 MP: 16/16
 25343 | Lair:6   | Identified the +1 hat of Ateff {rElec SInv} (Okawaru gifted
                  | it to you on level 6 of the Lair of Beasts)
 25343 | Lair:6   | Received a gift from Okawaru
 25802 | Lair:6   | Got the Grimoire of the Damaging Birds
 27560 | Orc:1    | Entered Level 1 of the Orcish Mines
 27623 | Orc:1    | Noticed Urug
 27641 | Orc:1    | Killed Urug
 27918 | Orc:1    | Found Ymasmef's Book Emporium.
 28319 | Orc:2    | Entered Level 2 of the Orcish Mines
 28725 | Orc:1    | Reached XP level 17. HP: 70/138 MP: 17/17
 29463 | Orc:2    | Found Codifaucs's General Store.
 29477 | Orc:2    | Found Utuimoir's Antique Armour Boutique.
 29485 | Orc:2    | Found Zunaedwa's Jewellery Shop.
 29487 | Orc:2    | Found Qafox's Antique Weapon Boutique.
 29501 | Orc:2    | Bought a potion of curing for 33 gold pieces
 29688 | Orc:2    | Found a staircase to the Elven Halls.
 29770 | Orc:2    | Received a gift from Okawaru
 30075 | Orc:2    | Bought a pair of boots for 103 gold pieces
 30081 | Orc:2    | Bought a glowing falchion for 186 gold pieces
 30091 | Orc:2    | Bought the ring of Vosasur {rF+ rC+ rCorr} for 574 gold
                  | pieces
 30216 | D:13     | Bought 2 potions of curing for 84 gold pieces
 30216 | D:13     | Bought a potion of cancellation for 112 gold pieces
 30216 | D:13     | Bought a potion of might for 56 gold pieces
 30216 | D:13     | Bought a potion of invisibility for 112 gold pieces
 30216 | D:13     | Bought a potion of heal wounds for 70 gold pieces
 30216 | D:13     | Bought a potion of heal wounds for 70 gold pieces
 30234 | D:13     | Bought a potion of invisibility for 120 gold pieces
 30234 | D:13     | Bought a potion of curing for 45 gold pieces
 30234 | D:13     | Bought a potion of heal wounds for 75 gold pieces
 30234 | D:13     | Bought a potion of might for 60 gold pieces
 30234 | D:13     | Bought a potion of curing for 45 gold pieces
 30234 | D:13     | Bought a potion of curing for 45 gold pieces
 30234 | D:13     | Bought a potion of berserk rage for 75 gold pieces
 30325 | D:13     | Found a blossoming altar of Fedhas.
 30672 | D:13     | Found Atoshay's Weapon Shop.
 31649 | D:14     | Identified Roxanne's Handbook of Stones
 31649 | D:14     | Noticed Roxanne
 32640 | D:14     | Identified the +2 helmet of the Enchanted Forest {rF+
                  | Regen+} (Okawaru gifted it to you on level 14 of the
                  | Dungeon)
 32640 | D:14     | Received a gift from Okawaru
 32830 | D:14     | Found a gate to the Vaults.
 33029 | D:14     | Killed Roxanne
 33068 | D:15     | Entered Level 15 of the Dungeon
 33122 | D:15     | Found a portal to a secret trove of treasure.
 33210 | D:15     | Noticed Josephine
 33226 | D:15     | Killed Josephine
 33389 | D:15     | Found a shadowy altar of Dithmenos.
 33419 | D:15     | Noticed Rupert
 33423 | D:15     | Noticed Kirke
 33424 | D:15     | Paralysed by Rupert for 5 turns
 33452 | D:15     | Slain by Rupert

Illustrated notes

Levels and vault maps discovered:
D:1:      ldierk_water_garden, layout_basic,
          shapermc_ecumenical_altar_acropolis, serial_rivers,
          chequers_serial_rivers_micro_b, chequers_serial_rivers_micro_d,
          chequers_serial_rivers_micro_e, chequers_serial_rivers_micro_a
D:2:      layout_basic, minmay_large_rounded_square
D:3:      wad_woods_stonehenge, layout_basic,
          chequers_temple_overflow_statue_of_worship, minivault_14
D:4:      layout_basic, minmay_temple_entry_mist, uniq_edmund, uniq_ijyb,
          uniq_pikel, uniq_natasha, uniq_crazy_yiuf_cottage, uniq_duvessa
D:5:      layout_cave_pods, chei_slow_surprise, uniq_blork_the_orc
D:6:      layout_loops_ring, uniq_sigmund, uniq_prince_ribbit1, uniq_grinder
D:7:      layout_rooms, gammafunk_temple_overflow_elements
D:8:      layout_loops_corners, kiku_gazebo_garden_becter, uniq_erica
D:9:      layout_loops_ring, zin_purify
D:10:     layout_long_grid, lair_entry_dummy, minivault_26
D:11:     layout_cave_pools, hiddenorc2_lemuel
D:12:     layout_big_octagon, serial_shops, nicolae_shop_behind_doors,
          kennysheep_mini, nicolae_shop_statue_plus
D:13:     layout_stronghold, serial_shops, nicolae_stop_n_shop_1, shop, shop,
          fedhas_altar_3
D:14:     layout_small_grid, david_vaults_4, chequers_serial_rivers_marsh,
          fungi_pond_lemuel, uniq_roxanne
D:15:     grunt_enter_depths_snipers, layout_basic,
          nicolae_dithmenos_through_a_glass_darkly,
          nicolae_trove_entry_crossroad, uniq_josephine, uniq_kirke, uniq_rupert
Temple:   eino_temple_lava
Lair:1:   layout_cellular_growth, gauntlet_entry_generic,
          gammafunk_ghost_wrathful_warriors
Lair:2:   nzn_winding_woodlands_small [nzn_winding_woodlands_5x15_pool,
          nzn_winding_woodlands_center_pierced_h,
          nzn_winding_woodlands_5x15_sawtooth], layout_gridlike,
          chequers_serial_rivers_small_a
Lair:3:   layout_hall_layers, swamp_mist_pool, spider_nest_entry_funnel_web
Lair:4:   layout_roguey, beast_lair_carwin_2
Lair:5:   wad_woods_structure_01, layout_hall_layers, slime_altar_2,
          enter_volcano_2, lemuel_fruit_fields, minmay_lair_oklob_chamber,
          serial_bayou_shore_b
Lair:6:   guppyfry_lair_end_dragon, layout_regular_city,
          hangedman_lair_in_review, serial_bayou_shore_b
Orc:1:    layout_caves, serial_shops, shop_fountains,
          nicolae_orc_flooded_monolith, uniq_urug
Orc:2:    st_orc_congregation, layout_caves, nicolae_orc_rockfall

Skill      XL: |  1  2  3  4  5  6  7  8  9 10 11 12 13 14 15 16 17 |
---------------+----------------------------------------------------+-----
Long Blades    | 3 4 5 6 8 9 11 12 14 | 14.0
Shields        | 4 5 6 7 8 9 10 11 12 13 14 | 14.6
Fighting       | 4 5 6 7 8 9 10 12 13 14 | 14.5
Armour         | 4 5 6 7 8 9 10 11 12 13 14 | 14.4
Throwing       | 4 5 6 |  6.0
Dodging        | 5 7 9 |  9.0

Action                   |  1- 3 |  4- 6 |  7- 9 | 10-12 | 13-15 | 16-18 || total
-------------------------+-------+-------+-------+-------+-------+-------++-------
Melee: Long sword        |   108 |    94 |       |       |       |       ||   202
       Rapier            |       |    58 |       |       |       |       ||    58
       Dagger            |       |    17 |   277 |   576 |       |       ||   870
       Scimitar          |       |       |       |   446 |   200 |     7 ||   653
       Eudemon blade     |       |       |       |       |   713 |   952 ||  1665
Throw: Stone             |    16 |    23 |    52 |     6 |       |       ||    97
       Dart              |       |       |     4 |   116 |    37 |   110 ||   267
       Boomerang         |       |       |       |       |    19 |     7 ||    26
Invok: Heroism           |       |       |       |     3 |     1 |     2 ||     6
Evoke: Wand              |       |       |       |       |     2 |       ||     2
  Use: Scroll            |       |     2 |       |    14 |    11 |       ||    27
       Potion            |       |       |       |     4 |    10 |     7 ||    21
 Stab: Paralysed         |       |       |       |       |     2 |       ||     2
Armor: Scale mail        |    52 |    59 |     2 |       |       |       ||   113
       Chain mail        |       |       |    53 |    39 |       |       ||    92
       Plate armour      |       |       |       |   249 |   246 |       ||   495
       Crystal plate arm |       |       |       |       |     7 |   224 ||   231
Dodge: Dodged            |    34 |    41 |    30 |    84 |   149 |   112 ||   450
Block: Kite shield       |    64 |   107 |   133 |   720 |   667 |   559 ||  2250
       Reflection        |       |       |     1 |    14 |     6 |    43 ||    64
       Rpst.: Long sword |     8 |     6 |       |       |       |       ||    14
       Scimitar          |       |       |       |    11 |     9 |       ||    20
       Eudemon blade     |       |       |       |       |    31 |    30 ||    61
